AoeStats
← Sir Fart a lot

Four Lakes

509058370Analyzed
1v1 RM · 5d ago on Sep 25, 2026· 42m 18s· 2 players
Game mode
Random Map
Map size
Tiny (2 player)
Population
200
Speed
Normal
Resources
Standard
Victory
Conquest
Starting age
Dark Age
Ending age
Imperial Age
RankedLock teamsTeams togetherTeam positionsShared explorationLock speedFull tech treeHidden civsTurbo modeCheats
Victory
Defeat
🇨🇭 Varangians · Switzerland
994
+14
🇨🇿 Magyars · Czechia
944
-14
Liverboy
11:41 Feudal Age
11:31 Loom
16:06 Castle Age
14:38 Double-Bit Axe
19:37 Gold Mining
19:31 Horse Collar
23:00 Scale Barding Armor
26:03 Wheelbarrow
27:13 Chain Barding Armor
28:20 Fletching
31:14 Padded Archer Armor
34:44 Bloodlines
35:19 Corvinian Army
36:04 Gold Shaft Mining
41:07 Husbandry
Sir Fart a lot
10:21 Feudal Age
9:52 Loom
10:54 Double-Bit Axe
12:51 Wheelbarrow
12:06 Horse Collar
18:27 Castle Age
17:07 Scale Barding Armor
17:28 Forging
19:11 Bloodlines
18:40 Light Cavalry
24:17 Fletching
26:32 Iron Casting
26:45 Bodkin Arrow
33:25 Imperial Age
32:19 Pikeman
33:06 Scale Mail Armor
43:09 Ballistics
42:47 Murder Holes
Connection lost

Rejoining the realm…

Still unreachable

The connection could not be restored.

Session expired

The server has moved on; the page needs a fresh start.